 Dungeon Crawl Stone Soup version 0.23.2-1-ga50397a6bc (webtiles) character file.

Game seed: 7449552617485802842

6772 MachJacob the Archer (level 10, -2/90 HPs)
             Began as a Centaur Hunter on May 7, 2019.
             Was an Elder of Okawaru.
             Slain by an unseen horror (5 damage)
             ... on level 10 of the Dungeon.
             The game lasted 00:47:05 (13723 turns).

MachJacob the Archer (Centaur Hunter)              Turns: 13723, Time: 00:47:06

Health: -2/90      AC: 13    Str: 17    XL:     10   Next: 76%
Magic:  10/10      EV: 12    Int: 10    God:    Okawaru [****..]
Gold:   630        SH:  0    Dex: 13    Spells: 9/9 levels left

rFire    . . .     SeeInvis .   b - +1 whip (elec)
rCold    + + .     Gourm    .   (no shield)
rNeg     . . .     Faith    .   G - +1 ring mail {rC+}
rPois    .         Spirit   .   (no helmet)
rElec    .         Reflect  .   F - +0 cloak
rCorr    .         Harm     .   k - +0 pair of gloves
MR       .....                  y - +1 centaur barding {rC+}
Stlth    ..........             (no amulet)
HPRegen  0.25/turn              p - +3 ring of evasion
MPRegen  0.12/turn              A - +2 ring of strength

@: very quick
A: large, hooves 3, deformed body, speed 2, tough skin 3
a: Heroism, Renounce Religion


You were on level 10 of the Dungeon.
You worshipped Okawaru.
Okawaru was greatly pleased with you.
You were not hungry.

You visited 2 branches of the dungeon, and saw 11 of its levels.

You collected 630 gold pieces.

Inventory:

Hand Weapons
 a - a +2 shortbow of freezing
 b - a +1 whip of electrocution (weapon)
 d - a +2 whip of freezing
 j - a +0 short sword
 C - a +0 vampiric falchion
Missiles
 h - 284 stones (quivered)
 E - 58 arrows
Armour
 e - a +0 chain mail
 k - a +0 pair of gloves (worn)
 y - a +1 centaur barding of cold resistance (worn)
 F - a +0 cloak (worn)
 G - a +1 ring mail of cold resistance (worn)
Jewellery
 c - an uncursed ring of resist corrosion
 p - a +3 ring of evasion (left hand)
 A - a +2 ring of strength (right hand)
 J - an uncursed ring of magical power {unknown}
Wands
 o - a wand of flame (7)
 D - a wand of acid (7)
 I - a wand of random effects (19)
Scrolls
 m - 3 scrolls of teleportation
 n - 2 scrolls of remove curse
 v - a scroll of fog
 K - 4 scrolls of identify
 M - 2 scrolls of amnesia
Potions
 g - a potion of haste
 i - 5 potions of curing
 l - a potion of mutation {unknown}
 q - 3 potions of flight
 r - a potion of brilliance
 t - a potion of magic {unknown}
 w - 2 potions of lignification
 x - a potion of heal wounds
 z - a potion of ambrosia
 B - a potion of berserk rage {unknown}
 L - a potion of invisibility {unknown}
Comestibles
 f - 22 rations
 s - 4 chunks of flesh


   Skills:
 + Level 8.7 Fighting
 * Level 14.9 Bows
 + Level 6.6 Dodging
 - Level 0.6 Stealth


You had 9 spell levels left.
You didn't know any spells.
Your spell library contained the following spells:

 Spells                   Type           Power        Failure   Level  Hunger
 Flame Tongue             Conj/Fire      #....        56%         1    ##.....
 Throw Flame              Conj/Fire      #.....       71%         2    ###....
 Conjure Flame            Conj/Fire      #.......     91%         3    ####...
 Inner Flame              Hex/Fire       #.......     91%         3    ####...
 Sticky Flame             Conj/Fire      #.......     100%        4    #####..
 Fireball                 Conj/Fire      #.........   100%        5    ######.


Dungeon Overview and Level Annotations

Branches:
Dungeon (10/15)            Temple (1/1) D:6
   Lair: D:8-11         Orc: D:9-12

Altars:
Ashenzari
Cheibriados
Dithmenos
Elyvilon
Fedhas
Gozag
Hepliaklqana
Kikubaaqudgha
Makhleb
Nemelex Xobeh
Okawaru
Qazlal
Ru
Sif Muna
Trog
Uskayaw
Vehumet
Wu Jian
Xom
Yredelemnul
Zin
The Shining One

Annotations:
D:1 1 runed translucent door
D:5 1 runed translucent door, Crazy Yiuf, Grinder


Innate Abilities, Weirdness & Mutations

You have hooves in place of feet.
Armour fits poorly on your strangely shaped body.
You cover ground very quickly.
You have extremely tough skin. (AC +3)


Message History

* * * LOW HITPOINT WARNING * * *
Something hits you but does no damage. Something hits you.
* * * LOW HITPOINT WARNING * * *
Something hits you but does no damage.
You closely miss something. Your kick misses something. Something hits you.
* * * LOW HITPOINT WARNING * * *
Something hits you but does no damage. Something hits you!
* * * LOW HITPOINT WARNING * * *
Something hits you but does no damage. Something hits you but does no damage.
Something hits you.
* * * LOW HITPOINT WARNING * * *
Something hits you but does no damage.
Okay, then.
Something hits you!
* * * LOW HITPOINT WARNING * * *
Something hits you.
You die...

#.......#..##.#.......##
#.......†.###.##.......#
#.......### #.##.....#.##
#.......# #............
##.###.#########......##*
##########.###........>........##
........#...........##.(##..##..#
........#..#........#.†###..###..
..........÷.....@...).## #..# ##.
........##..[........## #..# #.
........##.........).# #..# #.
........##...........# #..# #.
.......[##....._.)...# #..# #.
#######....#........## #..# #.
#####..........# #### #)
#..........# ## #..........#


There were no monsters in sight!

Vanquished Creatures
  2 two-headed ogres
  Pikel (D:5)
  A troll (D:9)
  A hornet (D:8)
  2 hippogriffs (D:8)
  A spriggan (D:9)
  2 water moccasins
  3 sky beasts
  An ice beast (D:8)
  2 orc warriors
  A black bear (D:3)
  2 phantoms
  2 ogres
  2 centaurs (D:7)
  A crocodile (D:8)
  A big kobold (D:10)
  7 bullfrogs
  A gnoll sergeant (D:8)
  A wyvern zombie (D:6)
  2 scorpions
  10 killer bees
  6 howler monkeys
  4 crimson imps
  A bullfrog zombie (D:5)
  2 hounds
  2 orc priests
  3 jellies
  A bullfrog skeleton (D:7)
  2 centaur skeletons
  Jessica (D:3)
  2 iguanas
  6 orc wizards
  5 worker ants
  A killer bee zombie (D:6)
  A hound skeleton (D:5)
  A mummy (D:7)
  2 worker ant zombies
  2 howler monkey skeletons
  16 gnolls
  9 adders
  3 shadow imps
  4 oozes
  3 worms
  2 dart slugs
  3 leopard geckos
  19 orcs
  A ball python (D:2)
  6 giant cockroaches
  5 goblins
  6 hobgoblins
  16 jackals
  15 kobolds
  4 quokkas
  6 bats
  4 frilled lizards
  2 giant cockroach zombies
  A leopard gecko skeleton (D:6)
  A quokka skeleton (D:8)
  9 rats
223 creatures vanquished.

Vanquished Creatures (others)
  3 slaves (D:5)
3 creatures vanquished.

Grand Total: 226 creatures vanquished

Notes
Turn   | Place    | Note
-------+----------+-------------------------------------------
     0 | D:1      | MachJacob the Centaur Hunter began the quest for the Orb.
     0 | D:1      | Reached XP level 1. HP: 17/17 MP: 1/1
     2 | D:1      | Found a runed translucent door.
   241 | D:1      | Reached XP level 2. HP: 16/24 MP: 2/2
  1500 | D:2      | Reached XP level 3. HP: 30/30 MP: 3/3
  1640 | D:2      | Found an ancient bone altar of Kikubaaqudgha.
  1971 | D:2      | Reached skill level 6 in Bows
  2646 | D:3      | Noticed a black bear
  2719 | D:3      | Killed a black bear
  2719 | D:3      | Reached XP level 4. HP: 9/38 MP: 4/4
  2719 | D:3      | Reached XP level 5. HP: 11/45 MP: 5/5
  3470 | D:3      | Found a radiant altar of Vehumet.
  3964 | D:3      | Reached skill level 7 in Bows
  4138 | D:3      | Noticed Jessica
  4146 | D:3      | Killed Jessica
  4146 | D:3      | Reached XP level 6. HP: 48/52 MP: 6/6
  5552 | D:5      | Entered Level 5 of the Dungeon
  5595 | D:5      | Reached skill level 8 in Bows
  5690 | D:5      | Noticed a slave
  5690 | D:5      | Noticed a slave
  5691 | D:5      | Noticed a slave
  5691 | D:5      | Noticed a slave
  5692 | D:5      | Noticed Pikel
  5796 | D:5      | Found a white marble altar of Elyvilon.
  5807 | D:5      | HP: 1/53 [slave[Pikel] (5)]
  6123 | D:4      | Reached XP level 7. HP: 51/60 MP: 7/7
  6884 | D:5      | Killed Pikel
  6884 | D:5      | Reached skill level 5 in Fighting
  6884 | D:5      | Reached skill level 10 in Bows
  6884 | D:5      | Reached XP level 8. HP: 55/69 MP: 8/8
  7223 | D:5      | Found a runed translucent door.
  7224 | D:5      | Noticed Crazy Yiuf
  7513 | D:5      | Noticed Grinder
  7601 | D:6      | Found a sparkling altar of Nemelex Xobeh.
  8119 | D:6      | Reached skill level 11 in Bows
  8231 | D:6      | Found a staircase to the Ecumenical Temple.
  8245 | Temple   | Entered the Ecumenical Temple
  8320 | Temple   | Became a worshipper of Warmaster Okawaru
  8690 | D:6      | Reached XP level 9. HP: 77/77 MP: 9/9
  9248 | D:6      | Found a basalt altar of Yredelemnul.
  9317 | D:7      | Found a shadowy altar of Dithmenos.
  9465 | D:7      | Reached skill level 5 in Dodging
  9594 | D:7      | Reached skill level 12 in Bows
  9725 | D:6      | Reached * piety under Okawaru
 10052 | D:7      | Found an ornate altar of the Wu Jian Council.
 10260 | D:7      | Found a snail-covered altar of Cheibriados.
 10606 | D:8      | Paralysed by a hornet for 2 turns
 10610 | D:8      | Reached skill level 13 in Bows
 10688 | D:8      | Noticed a two-headed ogre
 10745 | D:7      | Killed a two-headed ogre
 10745 | D:7      | Reached ** piety under Okawaru
 10745 | D:7      | Reached XP level 10. HP: 88/88 MP: 10/10
 10836 | D:8      | Found a burning altar of Makhleb.
 11059 | D:8      | Found a sacrificial altar of Ru.
 11352 | D:8      | Reached *** piety under Okawaru
 11616 | D:8      | Found a glowing silver altar of Zin.
 12083 | D:9      | Noticed a two-headed ogre
 12113 | D:9      | Reached skill level 14 in Bows
 12203 | D:9      | Killed a two-headed ogre
 12773 | D:9      | Received a gift from Okawaru
 13102 | D:10     | Entered Level 10 of the Dungeon
 13426 | D:10     | Found a glowing golden altar of the Shining One.
 13435 | D:10     | Reached **** piety under Okawaru
 13722 | D:10     | HP: 2/90 [something (10)]
 13723 | D:10     | Slain by an unseen horror

Skill      XL: |  1  2  3  4  5  6  7  8  9 10 |
---------------+-------------------------------+-----
Dodging        | 2 3 4 5 6 |  6.6
Bows           | 6 7 8 10 11 13 14 | 14.9
Fighting       | 3 4 5 6 7 8 |  8.7
Stealth        | |  0.6

Action                   |  1- 3 |  4- 6 |  7- 9 | 10-12 || total
-------------------------+-------+-------+-------+-------++-------
Melee: Short sword       |     9 |       |       |       ||     9
       Kick              |     5 |     8 |    11 |     9 ||    33
       Whip              |    19 |    22 |    56 |    27 ||   124
       Shortbow          |       |       |       |     1 ||     1
 Fire: Shortbow          |   116 |   170 |   384 |   279 ||   949
Throw: Stone             |       |    12 |    14 |       ||    26
  Use: Potion            |     2 |     2 |       |     2 ||     6
       Scroll            |       |     2 |    11 |     2 ||    15
  Eat: Chunk             |     3 |     8 |     9 |     6 ||    26
       Ration            |       |       |     1 |       ||     1
Armor: Leather armour    |    19 |    22 |    31 |       ||    72
       Skin              |     7 |       |       |    16 ||    23
       Chain mail        |       |       |    61 |     8 ||    69
       Ring mail         |       |       |       |    50 ||    50
Dodge: Dodged            |    16 |    39 |    61 |    45 ||   161
